 Dungeon Crawl Stone Soup version 0.29-a0-998-g1987434951 (webtiles) character file.

Game seed: 18159784766933259567

116 kae the Firebug (level 4, 0/25 HPs)
             Began as a Deep Elf Fire Elementalist on Aug 5, 2022.
             Slain by a gnoll
             ... wielding a +0 spear
              (3 damage)
             ... on level 3 of the Dungeon.
             The game lasted 00:01:42 (2907 turns).

kae the Firebug (Deep Elf Fire Elementalist)        Turns: 2907, Time: 00:01:43

Health: 0/25       AC:  2    Str:  5    XL:     4   Next: 69%
Magic:  4/11       EV: 12    Int: 22    God:
Gold:   181        SH:  0    Dex: 15    Spells: 1/10 levels left

rFire   . . .      SeeInvis .   g - +3 hand axe
rCold   . . .      Faith    .   (no shield)
rNeg    . . .      Spirit   .   a - +0 robe
rPois   .          Reflect  .   (no helmet)
rElec   .          Harm     .   (no cloak)
rCorr   .          Rampage  .   (no gloves)
Will    .....                   (no boots)
Stlth   ++........              (no amulet)
HPRegen 0.08/turn               (no ring)
MPRegen 0.12/turn               (no ring)

@: no status effects
A: no striking features
a: no special abilities


You were on level 3 of the Dungeon.
You visited 1 branch of the dungeon, and saw 3 of its levels.

You collected 181 gold pieces.


   Skills:
 + Level 1.1 Fighting
 + Level 2.5 Dodging
 - Level 2.4 Stealth
 + Level 3.8 Spellcasting
 * Level 2.8 Conjurations
 + Level 0.6 Hexes
 * Level 4.3 Fire Magic


You had one spell level left.
You knew the following spells:

 Your Spells              Type           Power      Damage    Failure   Level
a - Foxfire               Conj/Fire      80%        2x1d8     2%          1
b - Scorch                Fire           46%        2d7       3%          2
c - Conjure Flame         Conj/Fire      20%        6-21      8%          3
d - Inner Flame           Hex/Fire       15%        N/A       12%         3

Your spell library contained the following spells:

 Spells                   Type           Power      Damage    Failure   Level
 Ensorcelled Hibernation  Hex/Ice        10%        N/A       16%         2
 Flame Wave               Conj/Fire      20%        2d7       26%         4
 Spider Form              Tmut/Pois      4%         N/A       34%         3
 Anguish                  Hex/Necr       2%         N/A       69%         4

Inventory:

Hand Weapons
 f - a +0 dagger
   (You took it off a kobold on level 1 of the Dungeon)
 g - a +3 hand axe (weapon)
   (You found it on level 1 of the Dungeon)
Missiles
 d - 28 stones
Armour
 a - a +0 robe (worn)
Scrolls
 c - 4 scrolls of identify {unknown}
 j - a scroll of immolation {unknown}
 k - a scroll of blinking {unknown}
 m - a scroll of vulnerability {!r!r}
 n - a scroll of teleportation {@r4}
Potions
 b - a potion of magic
 e - a potion of haste {unknown}
 h - a potion of might {unknown}
 i - 4 potions of curing {unknown}
 l - a potion of flight {unknown}

Dungeon Overview and Level Annotations

Branches:
Dungeon (3/15) Zot: 15092

Altars:

Annotations:
D:2 Sigmund

..........###......# #####.#
...........##.####.# #......
#.####....###.####.# #.#.#.# ..#
#...........#.# #.#.#.# ###
#.#.####.##.#.# #.#<#.. # #.#.#
#.##.#.# #.#รท### # #.#.##
#.##.#.# #.#.### ####
#....###......##### #.#....
...###.....#####@ยง.....##
#......
##.##.......###.)ยง......#
######.
##.#.........##g#######.#######..
...'<........'..# #..........
...#.........##.# #..######..
#####.......###.# #..# #...
##.....## #.# #..# #.## ##...##
#.# #.## #.# ##+## #.# #.# #.#


You could see a gnoll.


Message History

A kobold is nearby!
A kobold is nearby!
Found a stone staircase leading down.
There is an open door here.
The kobold shouts!
The kobold shoots a sling bullet.
The sling bullet barely misses you.
Casting: Foxfire (safe; 2% risk of failure)
Confirm with . or Enter, or press ? or * to list all spells.
You conjure some foxfire!
The foxfire hits the kobold.
You kill the kobold! ๐Ÿ˜Ž MP[-1]
You lost 1 mp, and now have 10/11 mp.
Casting: Foxfire (safe; 2% risk of failure)
Confirm with . or Enter, or press ? or * to list all spells.
You conjure some foxfire! ๐Ÿ˜Ž MP[-1]
You lost 1 mp, and now have 9/11 mp.
d - 28 stones (gained 4);
n - a scroll of teleportation {@r4} You now have 181 gold pieces (gained 15).
Things that are here:
a +0 sling; a +0 short sword; a kobold corpse ๐Ÿ˜Ž MP[+2]
Your mp is fully restored (11).
Casting: Foxfire (safe; 2% risk of failure)
Confirm with . or Enter, or press ? or * to list all spells.
You conjure some foxfire! ๐Ÿ˜Ž MP[-1]
You lost 1 mp, and now have 10/11 mp.
There is an open door here.
Found a stone staircase leading up. ๐Ÿ˜Ž MP[+1]
Your mp is fully restored (11).
There is an open door here.
There is an open door here. 2 gnolls come into view.
There are monsters nearby!
There are monsters nearby!
There are monsters nearby!
There is an open door here.
Casting: Foxfire (safe; 2% risk of failure)
Confirm with . or Enter, or press ? or * to list all spells.
You conjure some foxfire!
The gnoll shouts! ๐Ÿ˜Ž MP[-1]
You lost 1 mp, and now have 10/11 mp.
Casting: Foxfire (safe; 2% risk of failure)
Confirm with . or Enter, or press ? or * to list all spells.
You conjure some foxfire!
The foxfire hits the gnoll but does no damage.
The foxfire hits the gnoll. x2 ๐Ÿ˜Ž MP[-1]
You lost 1 mp, and now have 9/11 mp.
Casting: Foxfire (safe; 2% risk of failure)
Confirm with . or Enter, or press ? or * to list all spells.
You conjure some foxfire!
The foxfire hits the gnoll. ๐Ÿ˜Ž MP[-1]
You lost 1 mp, and now have 8/11 mp.
Casting: Foxfire (safe; 2% risk of failure)
Confirm with . or Enter, or press ? or * to list all spells.
You conjure some foxfire!
The gnoll hits you from afar with a +0 halberd!
Ouch! That really hurt!
* * * LOW HITPOINT WARNING * * *
The foxfire hits the gnoll.
You kill the gnoll! ๐Ÿ˜จ HP[-14]
You take 14 damage, and now have 11/25 hp.
MASSIVE DAMAGE!! (PAUSE)
Casting: Foxfire (safe; 2% risk of failure)
Confirm with . or Enter, or press ? or * to list all spells.
You conjure some foxfire!
A gnoll comes into view. It is wielding a +0 spear.
The foxfire hits the gnoll.
The foxfire hits the gnoll. x2 ๐Ÿ˜จ MP[-1]
You lost 1 mp, and now have 7/11 mp.
Casting: Foxfire (safe; 2% risk of failure)
Confirm with . or Enter, or press ? or * to list all spells.
You conjure some foxfire!
The gnoll closely misses you.
The foxfire hits the gnoll.
You kill the gnoll! ๐Ÿ˜จ HP[+1] MP[-1]
You lost 1 mp, and now have 6/11 mp.
Casting: Foxfire (safe; 2% risk of failure)
Confirm with . or Enter, or press ? or * to list all spells.
You conjure some foxfire!
The foxfire hits the gnoll.
The foxfire hits the gnoll. ๐Ÿ˜จ MP[-1]
You lost 1 mp, and now have 5/11 mp.
Casting: Foxfire (safe; 2% risk of failure)
Confirm with . or Enter, or press ? or * to list all spells.
You conjure some foxfire!
The gnoll hits you from afar with a +0 spear!
* * * LOW HITPOINT WARNING * * *
The foxfire hits the gnoll.
The foxfire hits the gnoll but does no damage.
The gnoll hits you from afar with a +0 spear.
You die...

Skill      XL: |  1  2  3  4 |
---------------+-------------+-----
Conjurations   | 2 |  2.8
Fire Magic     | 4 |  4.3
Fighting       | 1 |  1.1
Dodging        | |  2.5
Stealth        | |  2.4
Spellcasting   | |  3.8
Hexes          | |  0.6

Action                   |  1- 3 |  4- 6 || total
-------------------------+-------+-------++-------
Melee: Hand axe          |     4 |       ||     4
 Cast: Foxfire           |    80 |    30 ||   110
       Scorch            |     9 |     2 ||    11
  Use: Scroll            |     3 |       ||     3
Armor: Robe              |     4 |       ||     4
Dodge: Dodged            |    25 |     4 ||    29

Levels and vault maps discovered:
D:1:      lemuel_arrival_lava_pool, layout_basic, roderic_roman_lattice
D:2:      layout_rooms, hellmonk_ecumenical_altar_slurped_away, uniq_sigmund
D:3:      layout_loops_corners, minmay_crystal_room

Notes
Turn   | Place    | Note
-------+----------+-------------------------------------------
     0 | D:1      | kae the Deep Elf Fire Elementalist began the quest for the
                  | Orb.
     0 | D:1      | Reached XP level 1. HP: 10/10 MP: 6/6
     0 | D:1      | magus.rc [v1.11.3]
     3 | D:1      | You pick up a book of Dreams and begin reading...
     3 | D:1      | You add the spells Ensorcelled Hibernation, Spider Form and
                  | Anguish to your library.
   131 | D:1      | Reached XP level 2. HP: 15/15 MP: 4/8
   203 | D:1      | Learned a level 2 spell: Scorch
   772 | D:1      | Reached XP level 3. HP: 20/20 MP: 7/9
   778 | D:1      | Learned a level 3 spell: Conjure Flame
   849 | D:1      | Reached skill level 2 in Conjurations
  1069 | D:1      | You fall into a shaft and drop 1 floor!
  1381 | D:2      | Identified the +8 spear of Faxithr Qeoh {elec, rElec rPois
                  | rF+}
  1408 | D:2      | Reached skill level 4 in Fire Magic
  1726 | D:2      | Found a faded altar of an unknown god.
  1982 | D:2      | Noticed Sigmund
  2031 | D:3      | Reached XP level 4. HP: 24/24 MP: 5/11
  2035 | D:3      | Learned a level 3 spell: Inner Flame
  2088 | D:3      | Reached skill level 1 in Fighting
  2663 | D:3      | Identified the +9 mace of Lyugg {drain, Fly rElec rF+}
  2906 | D:3      | HP: 3/25 [gnoll/+0 spear (9)]
  2907 | D:3      | Slain by a gnoll

Vanquished Creatures
  2 gnolls (D:3)
  3 adders (D:3)
  A worm (D:2)
  A dart slug (D:1)
  5 ball pythons
  3 endoplasms
  2 giant cockroaches
  7 goblins
  5 hobgoblins
  5 jackals (D:1)
  7 kobolds
  3 quokkas (D:1)
  11 bats
  3 frilled lizards
  2 rats (D:1)
60 creatures vanquished.

Vanquished Creatures (others)
  195 foxfires
195 creatures vanquished.

Grand Total: 255 creatures vanquished

Table legend:
 A = Non-vault XP
 B = Vault XP
 C = Vault XP percentage of total XP
 D = Non-vault monster count
 E = Vault monster count
 F = Vault count percentage of total count
                 A         B        C        D         E       F
            +---------+---------+-------+---------+---------+-------
      Total |     164 |       2 |   1.2 |      59 |       1 |   1.7
            +---------+---------+-------+---------+---------+-------
        D:1 |      55 |       0 |   0.0 |      31 |       0 |   0.0
        D:2 |      27 |       2 |   6.9 |      15 |       1 |   6.2
        D:3 |      82 |       0 |   0.0 |      13 |       0 |   0.0
            +---------+---------+-------+---------+---------+-------

Illustrated notes

Table legend:
 A = Kills in this place as a percentage of kills in entire the game.
 B = Kills by you in this place as a percentage of kills by you in the entire game.
 C = Kills by friends in this place as a percentage of kills by friends in the entire game.
 D = Other kills in this place as a percentage of other kills in the entire game.
 E = Experience gained in this place as a percentage of experience gained in the entire game.
 F = Experience gained in this place divided by the number of levels of this place that you have seen.
                   A       B       C       D       E      F
               +-------+-------+-------+-------+-------+----------------------
         Total | 100.0 | 100.0 |   N/A |   N/A | 100.0 |  55.3
       Dungeon | 100.0 | 100.0 |   N/A |   N/A | 100.0 |  55.3
               +-------+-------+-------+-------+-------+----------------------

Table legend: (Time is in decaauts)
 A = Elapsed time spent in this place.
 B = Non-inter-level travel time spent in this place.
 C = Inter-level travel time spent in this place.
 D = Time resting spent in this place.
 E = Time spent auto-exploring this place.
 F = Levels seen in this place.
 G = Mean time per level.
                   A        B        C        D        E       F      G
               +--------+--------+--------+--------+--------+-----+--------+
         Total |   2907 |   2864 |     43 |      4 |   2451 |   3 |  969.0 |
       Dungeon |   2907 |   2864 |     43 |      4 |   2451 |   3 |  969.0 |
               +--------+--------+--------+--------+--------+-----+--------+

Top non-repeatable levels by time:
     D:1: 1340 daAuts
     D:3: 881 daAuts
     D:2: 684 daAuts
